Workbook

Sheet Допущения
A1: Бизнес-план бьюти-коворкинга — пример
A2: Онлайн-калькулятор: homade.ru/instrumenty/biznes-plan-byuti-kovorkinga/
A3: Жёлтые ячейки — ваши данные, остальное считается формулами. Цифры примера условные.
A5: Вложения, ₽ | C5: Комментарий
A6: Ремонт, вода и вытяжка к местам | B6: 1200000
A7: Мебель и оборудование мест | B7: 800000
A8: Общая стерилизационная, прачечная | B8: 150000
A9: Залог за аренду | B9: 200000
A10: Реклама и поиск резидентов | B10: 100000
A12: Места | C12: Комментарий
A13: Мест в помесячной аренде | B13: 10
A14: Аренда места в месяц, ₽ | B14: 35000
A15: Мест в почасовой аренде | B15: 2
A16: Аренда места в час, ₽ | B16: 450
A17: Часов работы коворкинга в месяц | B17: 390 | C17: 13 часов × 30 дней
A19: Заполняемость | C19: Комментарий
A20: Сдано помесячных мест в первый месяц | B20: 0.3
A21: Целевая доля сданных мест | B21: 0.9
A22: Загрузка почасовых мест в первый месяц | B22: 0.1
A23: Целевая загрузка почасовых мест | B23: 0.4
A24: Месяцев выхода на цель | B24: 6
A26: Переменные расходы | C26: Комментарий
A27: Расходы на сданное место в месяц, ₽ | B27: 2500 | C27: Электричество, вода, уборка, одноразовое
A28: Расходы на проданный час, ₽ | B28: 40
A29: Эквайринг | B29: 0.015
A30: Налог (УСН 6 % — проверьте) | B30: 0.06
A32: Постоянные расходы в месяц, ₽ | C32: Комментарий
A33: Аренда помещения | B33: 180000
A34: Администратор (с налогами) | B34: 60000
A35: Уборка общих зон | B35: 15000
A36: Реклама | B36: 15000
A37: Система бронирования, CRM | B37: 3000
A38: Прочее | B38: 7000

Sheet План
A1: Помесячный план коворкинга
A2: Формулы от листа «Допущения».
A4: Месяц | B4: Сдано мест | C4: Продано часов | D4: Выручка: места | E4: Выручка: часы | F4: Выручка всего | G4: Переменные | H4: Постоянные | I4: Прибыль | J4: Накопленный итог | K4: Окупился
A5: 1 | B5: =='Допущения'!$B$13*MIN(1,MAX(0,'Допущения'!$B$20+('Допущения'!$B$21-'Допущения'!$B$20)*MIN(1,(A5-1)/MAX(1,'Допущения'!$B$24)))) | C5: =='Допущения'!$B$15*'Допущения'!$B$17*MIN(1,MAX(0,'Допущения'!$B$22+('Допущения'!$B$23-'Допущения'!$B$22)*MIN(1,(A5-1)/MAX(1,'Допущения'!$B$24)))) | D5: ==B5*'Допущения'!$B$14 | E5: ==C5*'Допущения'!$B$16 | F5: ==D5+E5 | G5: ==F5*('Допущения'!$B$29+'Допущения'!$B$30)+B5*'Допущения'!$B$27+C5*'Допущения'!$B$28 | H5: =='Допущения'!$B$33+'Допущения'!$B$34+'Допущения'!$B$35+'Допущения'!$B$36+'Допущения'!$B$37+'Допущения'!$B$38 | I5: ==F5-G5-H5 | J5: ==-('Допущения'!$B$6+'Допущения'!$B$7+'Допущения'!$B$8+'Допущения'!$B$9+'Допущения'!$B$10)+I5 | K5: ==IF(J5>=0,A5,"")
A6: 2 | B6: =='Допущения'!$B$13*MIN(1,MAX(0,'Допущения'!$B$20+('Допущения'!$B$21-'Допущения'!$B$20)*MIN(1,(A6-1)/MAX(1,'Допущения'!$B$24)))) | C6: =='Допущения'!$B$15*'Допущения'!$B$17*MIN(1,MAX(0,'Допущения'!$B$22+('Допущения'!$B$23-'Допущения'!$B$22)*MIN(1,(A6-1)/MAX(1,'Допущения'!$B$24)))) | D6: ==B6*'Допущения'!$B$14 | E6: ==C6*'Допущения'!$B$16 | F6: ==D6+E6 | G6: ==F6*('Допущения'!$B$29+'Допущения'!$B$30)+B6*'Допущения'!$B$27+C6*'Допущения'!$B$28 | H6: =='Допущения'!$B$33+'Допущения'!$B$34+'Допущения'!$B$35+'Допущения'!$B$36+'Допущения'!$B$37+'Допущения'!$B$38 | I6: ==F6-G6-H6 | J6: ==J5+I6 | K6: ==IF(AND(J6>=0,J5<0),A6,"")
A7: 3 | B7: =='Допущения'!$B$13*MIN(1,MAX(0,'Допущения'!$B$20+('Допущения'!$B$21-'Допущения'!$B$20)*MIN(1,(A7-1)/MAX(1,'Допущения'!$B$24)))) | C7: =='Допущения'!$B$15*'Допущения'!$B$17*MIN(1,MAX(0,'Допущения'!$B$22+('Допущения'!$B$23-'Допущения'!$B$22)*MIN(1,(A7-1)/MAX(1,'Допущения'!$B$24)))) | D7: ==B7*'Допущения'!$B$14 | E7: ==C7*'Допущения'!$B$16 | F7: ==D7+E7 | G7: ==F7*('Допущения'!$B$29+'Допущения'!$B$30)+B7*'Допущения'!$B$27+C7*'Допущения'!$B$28 | H7: =='Допущения'!$B$33+'Допущения'!$B$34+'Допущения'!$B$35+'Допущения'!$B$36+'Допущения'!$B$37+'Допущения'!$B$38 | I7: ==F7-G7-H7 | J7: ==J6+I7 | K7: ==IF(AND(J7>=0,J6<0),A7,"")
A8: 4 | B8: =='Допущения'!$B$13*MIN(1,MAX(0,'Допущения'!$B$20+('Допущения'!$B$21-'Допущения'!$B$20)*MIN(1,(A8-1)/MAX(1,'Допущения'!$B$24)))) | C8: =='Допущения'!$B$15*'Допущения'!$B$17*MIN(1,MAX(0,'Допущения'!$B$22+('Допущения'!$B$23-'Допущения'!$B$22)*MIN(1,(A8-1)/MAX(1,'Допущения'!$B$24)))) | D8: ==B8*'Допущения'!$B$14 | E8: ==C8*'Допущения'!$B$16 | F8: ==D8+E8 | G8: ==F8*('Допущения'!$B$29+'Допущения'!$B$30)+B8*'Допущения'!$B$27+C8*'Допущения'!$B$28 | H8: =='Допущения'!$B$33+'Допущения'!$B$34+'Допущения'!$B$35+'Допущения'!$B$36+'Допущения'!$B$37+'Допущения'!$B$38 | I8: ==F8-G8-H8 | J8: ==J7+I8 | K8: ==IF(AND(J8>=0,J7<0),A8,"")
A9: 5 | B9: =='Допущения'!$B$13*MIN(1,MAX(0,'Допущения'!$B$20+('Допущения'!$B$21-'Допущения'!$B$20)*MIN(1,(A9-1)/MAX(1,'Допущения'!$B$24)))) | C9: =='Допущения'!$B$15*'Допущения'!$B$17*MIN(1,MAX(0,'Допущения'!$B$22+('Допущения'!$B$23-'Допущения'!$B$22)*MIN(1,(A9-1)/MAX(1,'Допущения'!$B$24)))) | D9: ==B9*'Допущения'!$B$14 | E9: ==C9*'Допущения'!$B$16 | F9: ==D9+E9 | G9: ==F9*('Допущения'!$B$29+'Допущения'!$B$30)+B9*'Допущения'!$B$27+C9*'Допущения'!$B$28 | H9: =='Допущения'!$B$33+'Допущения'!$B$34+'Допущения'!$B$35+'Допущения'!$B$36+'Допущения'!$B$37+'Допущения'!$B$38 | I9: ==F9-G9-H9 | J9: ==J8+I9 | K9: ==IF(AND(J9>=0,J8<0),A9,"")
A10: 6 | B10: =='Допущения'!$B$13*MIN(1,MAX(0,'Допущения'!$B$20+('Допущения'!$B$21-'Допущения'!$B$20)*MIN(1,(A10-1)/MAX(1,'Допущения'!$B$24)))) | C10: =='Допущения'!$B$15*'Допущения'!$B$17*MIN(1,MAX(0,'Допущения'!$B$22+('Допущения'!$B$23-'Допущения'!$B$22)*MIN(1,(A10-1)/MAX(1,'Допущения'!$B$24)))) | D10: ==B10*'Допущения'!$B$14 | E10: ==C10*'Допущения'!$B$16 | F10: ==D10+E10 | G10: ==F10*('Допущения'!$B$29+'Допущения'!$B$30)+B10*'Допущения'!$B$27+C10*'Допущения'!$B$28 | H10: =='Допущения'!$B$33+'Допущения'!$B$34+'Допущения'!$B$35+'Допущения'!$B$36+'Допущения'!$B$37+'Допущения'!$B$38 | I10: ==F10-G10-H10 | J10: ==J9+I10 | K10: ==IF(AND(J10>=0,J9<0),A10,"")
A11: 7 | B11: =='Допущения'!$B$13*MIN(1,MAX(0,'Допущения'!$B$20+('Допущения'!$B$21-'Допущения'!$B$20)*MIN(1,(A11-1)/MAX(1,'Допущения'!$B$24)))) | C11: =='Допущения'!$B$15*'Допущения'!$B$17*MIN(1,MAX(0,'Допущения'!$B$22+('Допущения'!$B$23-'Допущения'!$B$22)*MIN(1,(A11-1)/MAX(1,'Допущения'!$B$24)))) | D11: ==B11*'Допущения'!$B$14 | E11: ==C11*'Допущения'!$B$16 | F11: ==D11+E11 | G11: ==F11*('Допущения'!$B$29+'Допущения'!$B$30)+B11*'Допущения'!$B$27+C11*'Допущения'!$B$28 | H11: =='Допущения'!$B$33+'Допущения'!$B$34+'Допущения'!$B$35+'Допущения'!$B$36+'Допущения'!$B$37+'Допущения'!$B$38 | I11: ==F11-G11-H11 | J11: ==J10+I11 | K11: ==IF(AND(J11>=0,J10<0),A11,"")
A12: 8 | B12: =='Допущения'!$B$13*MIN(1,MAX(0,'Допущения'!$B$20+('Допущения'!$B$21-'Допущения'!$B$20)*MIN(1,(A12-1)/MAX(1,'Допущения'!$B$24)))) | C12: =='Допущения'!$B$15*'Допущения'!$B$17*MIN(1,MAX(0,'Допущения'!$B$22+('Допущения'!$B$23-'Допущения'!$B$22)*MIN(1,(A12-1)/MAX(1,'Допущения'!$B$24)))) | D12: ==B12*'Допущения'!$B$14 | E12: ==C12*'Допущения'!$B$16 | F12: ==D12+E12 | G12: ==F12*('Допущения'!$B$29+'Допущения'!$B$30)+B12*'Допущения'!$B$27+C12*'Допущения'!$B$28 | H12: =='Допущения'!$B$33+'Допущения'!$B$34+'Допущения'!$B$35+'Допущения'!$B$36+'Допущения'!$B$37+'Допущения'!$B$38 | I12: ==F12-G12-H12 | J12: ==J11+I12 | K12: ==IF(AND(J12>=0,J11<0),A12,"")
A13: 9 | B13: =='Допущения'!$B$13*MIN(1,MAX(0,'Допущения'!$B$20+('Допущения'!$B$21-'Допущения'!$B$20)*MIN(1,(A13-1)/MAX(1,'Допущения'!$B$24)))) | C13: =='Допущения'!$B$15*'Допущения'!$B$17*MIN(1,MAX(0,'Допущения'!$B$22+('Допущения'!$B$23-'Допущения'!$B$22)*MIN(1,(A13-1)/MAX(1,'Допущения'!$B$24)))) | D13: ==B13*'Допущения'!$B$14 | E13: ==C13*'Допущения'!$B$16 | F13: ==D13+E13 | G13: ==F13*('Допущения'!$B$29+'Допущения'!$B$30)+B13*'Допущения'!$B$27+C13*'Допущения'!$B$28 | H13: =='Допущения'!$B$33+'Допущения'!$B$34+'Допущения'!$B$35+'Допущения'!$B$36+'Допущения'!$B$37+'Допущения'!$B$38 | I13: ==F13-G13-H13 | J13: ==J12+I13 | K13: ==IF(AND(J13>=0,J12<0),A13,"")
A14: 10 | B14: =='Допущения'!$B$13*MIN(1,MAX(0,'Допущения'!$B$20+('Допущения'!$B$21-'Допущения'!$B$20)*MIN(1,(A14-1)/MAX(1,'Допущения'!$B$24)))) | C14: =='Допущения'!$B$15*'Допущения'!$B$17*MIN(1,MAX(0,'Допущения'!$B$22+('Допущения'!$B$23-'Допущения'!$B$22)*MIN(1,(A14-1)/MAX(1,'Допущения'!$B$24)))) | D14: ==B14*'Допущения'!$B$14 | E14: ==C14*'Допущения'!$B$16 | F14: ==D14+E14 | G14: ==F14*('Допущения'!$B$29+'Допущения'!$B$30)+B14*'Допущения'!$B$27+C14*'Допущения'!$B$28 | H14: =='Допущения'!$B$33+'Допущения'!$B$34+'Допущения'!$B$35+'Допущения'!$B$36+'Допущения'!$B$37+'Допущения'!$B$38 | I14: ==F14-G14-H14 | J14: ==J13+I14 | K14: ==IF(AND(J14>=0,J13<0),A14,"")
A15: 11 | B15: =='Допущения'!$B$13*MIN(1,MAX(0,'Допущения'!$B$20+('Допущения'!$B$21-'Допущения'!$B$20)*MIN(1,(A15-1)/MAX(1,'Допущения'!$B$24)))) | C15: =='Допущения'!$B$15*'Допущения'!$B$17*MIN(1,MAX(0,'Допущения'!$B$22+('Допущения'!$B$23-'Допущения'!$B$22)*MIN(1,(A15-1)/MAX(1,'Допущения'!$B$24)))) | D15: ==B15*'Допущения'!$B$14 | E15: ==C15*'Допущения'!$B$16 | F15: ==D15+E15 | G15: ==F15*('Допущения'!$B$29+'Допущения'!$B$30)+B15*'Допущения'!$B$27+C15*'Допущения'!$B$28 | H15: =='Допущения'!$B$33+'Допущения'!$B$34+'Допущения'!$B$35+'Допущения'!$B$36+'Допущения'!$B$37+'Допущения'!$B$38 | I15: ==F15-G15-H15 | J15: ==J14+I15 | K15: ==IF(AND(J15>=0,J14<0),A15,"")
A16: 12 | B16: =='Допущения'!$B$13*MIN(1,MAX(0,'Допущения'!$B$20+('Допущения'!$B$21-'Допущения'!$B$20)*MIN(1,(A16-1)/MAX(1,'Допущения'!$B$24)))) | C16: =='Допущения'!$B$15*'Допущения'!$B$17*MIN(1,MAX(0,'Допущения'!$B$22+('Допущения'!$B$23-'Допущения'!$B$22)*MIN(1,(A16-1)/MAX(1,'Допущения'!$B$24)))) | D16: ==B16*'Допущения'!$B$14 | E16: ==C16*'Допущения'!$B$16 | F16: ==D16+E16 | G16: ==F16*('Допущения'!$B$29+'Допущения'!$B$30)+B16*'Допущения'!$B$27+C16*'Допущения'!$B$28 | H16: =='Допущения'!$B$33+'Допущения'!$B$34+'Допущения'!$B$35+'Допущения'!$B$36+'Допущения'!$B$37+'Допущения'!$B$38 | I16: ==F16-G16-H16 | J16: ==J15+I16 | K16: ==IF(AND(J16>=0,J15<0),A16,"")
A17: 13 | B17: =='Допущения'!$B$13*MIN(1,MAX(0,'Допущения'!$B$20+('Допущения'!$B$21-'Допущения'!$B$20)*MIN(1,(A17-1)/MAX(1,'Допущения'!$B$24)))) | C17: =='Допущения'!$B$15*'Допущения'!$B$17*MIN(1,MAX(0,'Допущения'!$B$22+('Допущения'!$B$23-'Допущения'!$B$22)*MIN(1,(A17-1)/MAX(1,'Допущения'!$B$24)))) | D17: ==B17*'Допущения'!$B$14 | E17: ==C17*'Допущения'!$B$16 | F17: ==D17+E17 | G17: ==F17*('Допущения'!$B$29+'Допущения'!$B$30)+B17*'Допущения'!$B$27+C17*'Допущения'!$B$28 | H17: =='Допущения'!$B$33+'Допущения'!$B$34+'Допущения'!$B$35+'Допущения'!$B$36+'Допущения'!$B$37+'Допущения'!$B$38 | I17: ==F17-G17-H17 | J17: ==J16+I17 | K17: ==IF(AND(J17>=0,J16<0),A17,"")
... A40: 36 | B40: =='Допущения'!$B$13*MIN(1,MAX(0,'Допущения'!$B$20+('Допущения'!$B$21-'Допущения'!$B$20)*MIN(1,(A40-1)/MAX(1,'Допущения'!$B$24)))) | C40: =='Допущения'!$B$15*'Допущения'!$B$17*MIN(1,MAX(0,'Допущения'!$B$22+('Допущения'!$B$23-'Допущения'!$B$22)*MIN(1,(A40-1)/MAX(1,'Допущения'!$B$24)))) | D40: ==B40*'Допущения'!$B$14 | E40: ==C40*'Допущения'!$B$16 | F40: ==D40+E40 | G40: ==F40*('Допущения'!$B$29+'Допущения'!$B$30)+B40*'Допущения'!$B$27+C40*'Допущения'!$B$28 | H40: =='Допущения'!$B$33+'Допущения'!$B$34+'Допущения'!$B$35+'Допущения'!$B$36+'Допущения'!$B$37+'Допущения'!$B$38 | I40: ==F40-G40-H40 | J40: ==J39+I40 | K40: ==IF(AND(J40>=0,J39<0),A40,"")
A42: Окупаемость, месяц | B42: ==IF(COUNT(K5:K40)=0,"за горизонтом плана",MIN(K5:K40))
A43: Мест нужно сдать, чтобы покрыть постоянные расходы | B43: ==('Допущения'!$B$33+'Допущения'!$B$34+'Допущения'!$B$35+'Допущения'!$B$36+'Допущения'!$B$37+'Допущения'!$B$38)/('Допущения'!$B$14*(1-'Допущения'!$B$29-'Допущения'!$B$30)-'Допущения'!$B$27)
